 Dungeon Crawl Stone Soup version 0.26-a0-649-gf8c6c3aab7 (webtiles) character file.

Game seed: 6314308805982184855

1 smeego the Shield-Bearer (level 1, -1/16 HPs)
             Began as an Octopode Fighter on Sept 27, 2020.
             Slain by a gnoll (3 damage)
             ... on level 1 of the Dungeon.
             The game lasted 00:00:08 (32 turns).

smeego the Shield-Bearer (Octopode Fighter)           Turns: 32, Time: 00:00:09

Health: -1/16      AC:  1    Str: 15    XL:     1   Next: 20%
Magic:  1/1        EV: 11    Int: 10    God:
Gold:   10         SH:  8    Dex: 11    Spells: 0/0 levels left

rFire    + . .     SeeInvis .   a - +0 long sword
rCold    x . .     Faith    .   b - +0 kite shield
rNeg     . . .     Spirit   .   (helmet restricted)
rPois    .         Reflect  .   (no amulet)
rElec    .         Harm     .   d - ring of fire
rCorr    .         Rampage  .   (no ring)
MR       .....                  (no ring)
Stlth    ++........             (no ring)
HPRegen  0.05/turn              (no ring)
MPRegen  0.07/turn              (no ring)
                                (no ring)
                                (no ring)

@: no status effects
A: almost no armour, stealthy swim, amphibious, 8 rings, constrict 8, camouflage
1, gelatinous body 1
a: no special abilities


You were on level 1 of the Dungeon.
You visited 1 branch of the dungeon, and saw 1 of its levels.

You collected 10 gold pieces.

Inventory:

Hand Weapons
 a - a +0 long sword (weapon)
Armour
 b - a +0 kite shield (worn)
Jewellery
 d - a ring of fire (left tentacle)
Potions
 c - a potion of might


   Skills:
 + Level 3.0 Fighting
 * Level 2.0 Long Blades
 + Level 0.0 Throwing
 + Level 3.0 Dodging
 + Level 0.2 Stealth
 + Level 3.0 Shields
 + Level 0.0 Unarmed Combat


You couldn't memorise any spells.
You didn't know any spells.
Your spell library was empty.

Dungeon Overview and Level Annotations

Branches:
Dungeon (1/15)

Altars:


Innate Abilities, Weirdness & Mutations

You cannot wear most types of armour.
You are very stealthy in the water. (Stealth+)
You are amphibious.
You can wear up to eight rings at the same time.
You can use your tentacles to constrict eight enemies at once.
Your skin changes colour to match your surroundings (Stealth+).
Your rubbery body absorbs attacks. (AC +1, EV +1)


Message History

You block the goblin's attack.
The frilled lizard hisses angrily.
You slash the goblin!
You kill the goblin!
You hit the gnoll. Your grab misses the gnoll.
The gnoll is moderately wounded.
The gnoll hits you. x2
You barely miss the gnoll. Your grab misses the gnoll.
The gnoll is moderately wounded.
The gnoll hits you!
* * * LOW HITPOINT WARNING * * *
You are too injured to fight recklessly!
You are too injured to fight recklessly!
You completely miss the gnoll. Your grab misses the gnoll.
Your squeeze misses the gnoll.
The gnoll is moderately wounded.
A hobgoblin comes into view. It is wielding a -3 club.
You block the gnoll's attack. The frilled lizard misses you.
The gnoll hits you.
You die...

#.g #.. .. #.. .#. #..
.. ###.. .#
#....###.######
#...lg.........
#....@...≈≈≈≈≈≈
#....(.$.≈..8..
####.....≈!###########
#.....≈8#≈≈≈≈≈#[§≈§
#.....≈.#≈...≈#§§§§
#####.≈.#≈.#.≈#.≈§.
#.≈8#≈.#.≈#.≈≈.
#.≈.#≈.#.≈#.≈≈.
#...'..#[.'....


You could see a gnoll, a hobgoblin (wandering) and a frilled lizard.

Vanquished Creatures
  A goblin (D:1)
1 creature vanquished.

Notes
Turn   | Place    | Note
-------+----------+-------------------------------------------
     0 | D:1      | smeego the Octopode Fighter began the quest for the Orb.
     0 | D:1      | Reached XP level 1. HP: 16/16 MP: 1/1
    32 | D:1      | Slain by a gnoll

Illustrated notes

Levels and vault maps discovered:
D:1:      lightli_arrival_isolated_outpost, layout_basic

Action                   || total
-------------------------++-------
Melee: Long sword        ||     4
Dodge: Dodged            ||     1
Block: Kite shield       ||     2

Table legend: (Time is in decaauts)
 A = Elapsed time spent in this place.
 B = Non-inter-level travel time spent in this place.
 C = Inter-level travel time spent in this place.
 D = Time resting spent in this place.
 E = Time spent auto-exploring this place.
 F = Levels seen in this place.
 G = Mean time per level.
                   A        B        C        D        E       F      G
               +--------+--------+--------+--------+--------+-----+--------+
         Total |     32 |     32 |      0 |      0 |     23 |   1 |   32.0 |
       Dungeon |     32 |     32 |      0 |      0 |     23 |   1 |   32.0 |
               +--------+--------+--------+--------+--------+-----+--------+

Top non-repeatable levels by time:
     D:1: 32 daAuts
